 Dungeon Crawl Stone Soup version 0.27.1-1-g398f81649c (webtiles) character file.

Game seed: 6049430937647849190

1446 Teneria the Ruffian (level 8, -7/75 HPs)
             Began as a Troll Transmuter on Sept 15, 2021.
             Mangled by a two-headed ogre (14 damage)
             ... on level 6 of the Dungeon.
             The game lasted 00:18:30 (4560 turns).

Teneria the Ruffian (Troll Transmuter)              Turns: 4560, Time: 00:18:31

Health: -7/75      AC:  4    Str: 21    XL:     8   Next: 46%
Magic:  10/10      EV:  8    Int:  9    God:
Gold:   586        SH:  8    Dex: 10    Spells: 10/11 levels left

rFire    . . .     SeeInvis .     - Unarmed
rCold    + . .     Faith    .   m - +0 kite shield
rNeg     . . .     Spirit   .   a - +0 robe
rPois    .         Reflect  .   (helmet restricted)
rElec    .         Harm     .   (no cloak)
rCorr    .         Rampage  .   (gloves unavailable)
Will     .....                  (boots unavailable)
Stlth    +.........             i - amulet of Voyhoun {Acrobat rC+}
HPRegen  1.22/turn              (no ring)
MPRegen  0.12/turn              (no ring)

@: very slightly contaminated, invisible
A: large, unfitting armour, claws 3, regeneration 1, shaggy fur 1, tough skin 1
a: no special abilities


You were on level 6 of the Dungeon.
You visited 1 branch of the dungeon, and saw 6 of its levels.
You also visited: Sewer.

You collected 586 gold pieces.

Inventory:

Hand Weapons
 c - a +2 dagger of freezing
Armour
 a - a +0 robe (worn)
 l - a +0 cloak
 m - a +0 kite shield (worn)
Jewellery
 i - the amulet of Voyhoun (around neck) {Acrobat rC+}
   (You acquired it on level 4 of the Dungeon)

   [amulet of the acrobat]

   It increases your evasion while moving and waiting.
   rC:        It protects you from cold.
 k - an amulet of regeneration
 o - an amulet of faith
Scrolls
 e - a scroll of identify
Potions
 d - 3 potions of curing
 f - 2 potions of haste {unknown}
 g - 2 potions of degeneration {unknown}
 h - 2 potions of flight
 j - a potion of resistance {unknown}
 n - 2 potions of ambrosia {unknown}


   Skills:
 + Level 3.1 Fighting
 - Level 2.6 Dodging
 * Level 3.0 Shields
 * Level 6.6 Unarmed Combat
 - Level 2.0 Spellcasting
 * Level 4.3 Transmutations


You had 10 spell levels left.
You knew the following spells:

 Your Spells              Type           Power      Damage    Failure   Level
a - Beastly Appendage     Tmut           16%        N/A       21%         1

Your spell library contained the following spells:

 Spells                   Type           Power      Damage    Failure   Level
 Wereblood                Tmut           8%         N/A       30%         2
 Spider Form              Tmut/Pois      2%         N/A       82%         3
 Ignite Poison            Fire/Tmut/Pois 3%         N/A       89%         3
 Conjure Flame            Conj/Fire      0%         6-21      98%         3
 Ice Form                 Ice/Tmut       4%         N/A       99%         4
 Sticky Flame             Conj/Fire      0%         2d3       100%        4


Dungeon Overview and Level Annotations

Branches:
Dungeon (6/15)              Sewer (visited)
 Temple: D:4-7

Altars:
Nemelex Xobeh
Ru


Innate Abilities, Weirdness & Mutations

You are too large for most types of armour.
You have claws for hands.
Your natural rate of healing is unusually fast.
You are covered in fur. (AC +1)
You have tough skin. (AC +1)


Message History

Found 2 puce potions.
Found a sacrificial altar of Ru.
The two-headed ogre shouts in stereo!
You fade into invisibility!
The two-headed ogre hits you with a +0 giant club!
You block the two-headed ogre's attack.
You are very lightly contaminated with residual magic.
Okay, then.
You catch the helpless two-headed ogre completely off-guard!
You scratch the two-headed ogre.
The two-headed ogre is lightly wounded.
You claw the two-headed ogre!
The two-headed ogre is lightly wounded.
You claw the two-headed ogre!
The two-headed ogre is moderately wounded.
The two-headed ogre hits you with a +0 giant club!
You block the two-headed ogre's attack.
You scratch the two-headed ogre but do no damage.
The two-headed ogre is moderately wounded.
The two-headed ogre hits you with a +0 giant club!
You block the two-headed ogre's attack.
You scratch the two-headed ogre.
The two-headed ogre is moderately wounded.
You see here an inky potion.
You barely miss the two-headed ogre.
The two-headed ogre is moderately wounded.
You block the two-headed ogre's attack. The two-headed ogre barely misses you.
You claw the two-headed ogre!
The two-headed ogre is heavily wounded.
The two-headed ogre closely misses you.
The two-headed ogre hits you with a +0 dire flail!
You scratch the two-headed ogre but do no damage.
The two-headed ogre is heavily wounded.
You block the two-headed ogre's attack.
The two-headed ogre hits you with a +0 dire flail.
You claw the two-headed ogre!
The two-headed ogre is almost dead.
The two-headed ogre hits you with a +0 giant club!!
* * * LOW HITPOINT WARNING * * *
The two-headed ogre hits you with a +0 dire flail!
You die...

#.. #........
..#...#_#.#...#........
#.#.....#.....#........
#..###≈#≈###.....÷....
#..#...#...#..........
#..#.......#..........
#.####...####........>
#..#..O....#..........
#..#.@.....#..........
##.#!##.#.#.......[...
... #...............
###. ##..............
#......###....[....
#...#### ###.......
..### ##...... ##
####... ##.#


You could see a two-headed ogre.

Vanquished Creatures
  Grinder (D:5)
  A water moccasin (D:4)
  2 black bears
  A necrophage (D:5)
  A centaur (D:5)
  A kobold brigand (Sewer)
  A bullfrog (D:5)
  A howler monkey (D:6)
  3 jellies
  A hound (D:6)
  Crazy Yiuf (D:3)
  2 iguanas (D:5)
  3 orc wizards
  Natasha (thrice) (D:2)
  8 gnolls
  7 adders
  A river rat (Sewer)
  A worm (D:3)
  2 dart slugs
  8 orcs
  8 endoplasms
  8 giant cockroaches
  7 hobgoblins
  12 jackals
  5 quokkas
  11 ball pythons
  3 bats
  6 frilled lizards
  7 goblins
  15 kobolds
  10 rats
141 creatures vanquished.

Vanquished Creatures (others)
  7 plants (D:4)
7 creatures vanquished.

Grand Total: 148 creatures vanquished

Notes
Turn   | Place    | Note
-------+----------+-------------------------------------------
     0 | D:1      | Teneria the Troll Transmuter began the quest for the Orb.
     0 | D:1      | Reached XP level 1. HP: 18/18 MP: 1/1
    33 | D:1      | Reached XP level 2. HP: 26/26 MP: 0/2
    76 | D:1      | Reached skill level 1 in Fighting
   393 | D:1      | Found a faded altar of an unknown god.
   459 | D:1      | Reached XP level 3. HP: 33/33 MP: 3/3
   567 | D:2      | Noticed Natasha
   573 | D:2      | Killed Natasha
   574 | D:2      | Reached skill level 4 in Unarmed Combat
   639 | D:2      | Noticed Natasha
   652 | D:2      | Killed Natasha
   653 | D:2      | Reached XP level 4. HP: 21/41 MP: 5/5
   973 | D:2      | Noticed Natasha
   979 | D:2      | Killed Natasha
  1167 | D:3      | Found a glowing drain.
  1200 | Sewer    | Entered a sewer
  1213 | Sewer    | Reached XP level 5. HP: 48/48 MP: 6/6
  1766 | Sewer    | Found a white marble altar of Elyvilon.
  1831 | D:3      | Found a sparkling altar of Nemelex Xobeh.
  1849 | D:3      | Found a runed translucent door.
  1850 | D:3      | Noticed Crazy Yiuf
  2431 | D:3      | Killed Crazy Yiuf
  2539 | D:4      | Reached XP level 6. HP: 28/57 MP: 7/7
  2614 | D:4      | Noticed a water moccasin
  2637 | D:4      | Killed a water moccasin
  2638 | D:4      | Reached skill level 5 in Unarmed Combat
  3016 | D:4      | You fall into a shaft and drop 2 floors!
  3023 | D:6      | Reached XP level 7. HP: 27/65 MP: 7/9
  3187 | D:6      | Reached skill level 1 in Shields
  3205 | D:5      | Entered Level 5 of the Dungeon
  3312 | D:5      | Identified the +1 robe "Juitomeg" {Harm Int-4 Dex+6}
  3336 | D:5      | Noticed Grinder
  3339 | D:5      | Paralysed by Grinder for 5 turns
  3349 | D:5      | Killed Grinder
  3350 | D:5      | Reached skill level 6 in Unarmed Combat
  3350 | D:5      | Reached XP level 8. HP: 61/74 MP: 10/10
  3859 | D:4      | Identified a scroll of acquirement
  3859 | D:4      | Acquired the amulet of Voyhoun {Acrobat rC+}
  4549 | D:6      | Found a sacrificial altar of Ru.
  4549 | D:6      | Noticed a two-headed ogre
  4560 | D:6      | Mangled by a two-headed ogre

Illustrated notes

Levels and vault maps discovered:
D:1:      eino_arrival_druids_welcome, layout_rooms,
          dilly_ecumenical_altar_fadedgnrine, fountainhead
D:2:      layout_basic, uniq_natasha
D:3:      layout_loops_ring, nemelex_xobeh_ov_fountains_minmay,
          portal_sewer_entry_a, uniq_crazy_yiuf_cottage
D:4:      minmay_polygon_palace, layout_gridville, serial_forest,
          infiniplex_forest_clump_cross, infiniplex_forest_lined_room_3,
          infiniplex_forest_lined_ring, infiniplex_forest_zigzag_1,
          infiniplex_forest_lined_2, infiniplex_forest_clump_diagonal,
          infiniplex_forest_lined_room_
D:5:      layout_basic, uniq_grinder
D:6:      layout_cave_pods, beargit_hepliaklqana_dungeon_heroes,
          hangedman_ru_absence

Skill      XL: |  1  2  3  4  5  6  7  8 |
---------------+-------------------------+-----
Fighting       | 1 2 3 |  3.1
Unarmed Combat | 4 5 6 |  6.6
Transmutations | 2 3 4 |  4.3
Dodging        | 2 |  2.6
Spellcasting   | 2 |  2.0
Shields        | 2 3 |  3.0

Action                   |  1- 3 |  4- 6 |  7- 9 || total
-------------------------+-------+-------+-------++-------
Melee: Unarmed           |    74 |   218 |   130 ||   422
       Kick              |     3 |       |     7 ||    10
       Punch             |     2 |     4 |       ||     6
       Headbutt          |       |     1 |     2 ||     3
 Cast: Beastly Appendage |     3 |     1 |     2 ||     6
  Use: Scroll            |       |     3 |     5 ||     8
       Potion            |       |     3 |     2 ||     5
 Stab: Sleeping          |     1 |       |       ||     1
       Invisible         |       |       |     1 ||     1
Armor: Robe              |    22 |    42 |    46 ||   110
Dodge: Dodged            |    30 |   110 |    43 ||   183
Block: Kite shield       |       |     9 |    66 ||    75
